 Dungeon Crawl Stone Soup version 0.30-a0-618-gd6c86c23d0 (webtiles) character file.

Game seed: 17465935043472169433

10 Leeroy the Conjurer (level 2, 0/17 HPs)
             Began as a Tengu Reaver on Jan 9, 2023.
             Slain by a kobold
             ... wielding a +0 whip
              (4 damage)
             ... on level 2 of the Dungeon.
             The game lasted 00:00:27 (707 turns).

Leeroy the Conjurer (Tengu Reaver)                   Turns: 707, Time: 00:00:27

Health: 0/17       AC:  3    Str: 12    XL:     2   Next: 20%
Magic:  6/6        EV: 11    Int: 13    God:
Gold:   57         SH:  0    Dex: 12    Spells: 4/5 levels left

rFire   x . .      SeeInvis .    a - +0 falchion
rCold   + . .      Faith    .    (no shield)
rNeg    . . .      Spirit   .    b - +0 leather armour
rPois   .          Reflect  .    (helmet restricted)
rElec   .          Harm     .    (no cloak)
rCorr   .          Rampage  .    (no gloves)
Will    .....                    (boots unavailable)
Stlth   +                        (no amulet)
HPRegen 0.22/turn                e - ring of ice
MPRegen 0.10/turn                (no ring)

@: no status effects
A: beak, talons 3
a: no special abilities


You were on level 2 of the Dungeon.
You visited 1 branch of the dungeon, and saw 2 of its levels.

You collected 57 gold pieces.

Inventory:

Hand Weapons
 a - a +0 falchion (weapon)
Armour
 b - a +0 leather armour (worn)
Jewellery
 e - a ring of ice (left hand)
Scrolls
 c - 2 scrolls of identify {unknown}
 f - a scroll of fog {unknown}
 g - a scroll of vulnerability {unknown}
 h - a scroll of teleportation {unknown}
 i - a scroll of summoning {unknown}
Potions
 d - a potion of degeneration {unknown}


   Skills:
 - Level 2.0 Fighting
 + Level 4.0 Long Blades
 - Level 2.1 Dodging
 - Level 2.0 Spellcasting
 - Level 4.0 Conjurations


You had 4 spell levels left.
You knew the following spells:

 Your Spells              Type           Power      Damage    Failure   Level
a - Kiss of Death         Conj/Necr      24%        2d7       14%         1

Your spell library contained the following spells:

 Spells                   Type           Power      Damage    Failure   Level
 Momentum Strike          Conj/Tloc      12%        3d8       22%         2
 Hailstorm                Conj/Ice       9%         3d4       38%         3


Dungeon Overview and Level Annotations

Branches:
Dungeon (2/15)

Altars:


Innate Abilities, Weirdness & Mutations

You have a beak for a mouth.
You have claws for feet.


Message History

No target in view!
No target in view!
Done exploring.
Done exploring.
No target in view!
No target in view!
Done exploring.
There is an escape hatch in the floor here.
You slide downwards.
The hatch slams shut behind you.
The kobold shouts!
Unknown command.
A kobold is nearby!
A kobold is nearby!
Found a dagger.
A quokka comes into view.
A goblin comes into view. It is wielding a +0 dagger.
The goblin unwields a +0 dagger.
The goblin wields a +3 sling.
The goblin shoots a sling bullet.
The sling bullet hits you! The kobold hits you with a +0 whip.
You are too injured to fight recklessly!
You are too injured to fight recklessly!
You are too injured to fight recklessly!
You are too injured to fight recklessly!
You are too injured to fight recklessly!
You are too injured to fight recklessly!
You are too injured to fight recklessly!
You are too injured to fight recklessly!
You hit the kobold but do no damage. Your kick misses the kobold.
Your peck misses the kobold. Your punch misses the kobold.
The kobold hits you with a +0 whip.
* * * LOW HITPOINT WARNING * * *
You hit the kobold but do no damage. Your peck misses the kobold.
The goblin shoots a sling bullet.
The sling bullet barely misses you.
The quokka twitches its whiskers.
The quokka closely misses you. The kobold barely misses you.
The goblin shoots a sling bullet.
The sling bullet misses you.
You closely miss the kobold. The quokka barely misses you.
A dart slug comes into view.
The kobold hits you with a +0 whip.
You die...

# .##. #..#..
#..... # #.#..
.### .... w...
#..######..#
###.#..#.......#
...............#
##.###....@K...#
#.....r...#
.............#
.................
......#.....#.#.#
......#.....#.# #
......#.....# #
......#)..g.#


You could see a dart slug (wandering), a quokka, a goblin and a kobold.

Vanquished Creatures
  2 giant cockroaches (D:1)
  A goblin (D:1)
  2 hobgoblins (D:1)
  A quokka (D:1)
  A bat (D:1)
  A kobold (D:1)
  A rat (D:1)
9 creatures vanquished.

Notes
Turn   | Place    | Note
-------+----------+-------------------------------------------
     0 | D:1      | Leeroy the Tengu Reaver began the quest for the Orb.
     0 | D:1      | Reached XP level 1. HP: 12/12 MP: 4/4
   237 | D:1      | Reached XP level 2. HP: 14/17 MP: 6/6
   707 | D:2      | Slain by a kobold

Illustrated notes

Levels and vault maps discovered:
D:1:      scummos_arrival_star, layout_loops_ring
D:2:      layout_basic, ebering_ecumenical_altar_box, uniq_sigmund

Skill      XL: |  1  2 |
---------------+-------+-----
Long Blades    | 4 |  4.0
Fighting       | |  2.0
Dodging        | |  2.1
Spellcasting   | |  2.0
Conjurations   | |  4.0

Action                   || total
-------------------------++-------
Melee: Falchion          ||    36
       Kick              ||     6
       Peck              ||     1
Armor: Leather armour    ||    13
Dodge: Dodged            ||    26

Table legend: (Time is in decaauts)
 A = Elapsed time spent in this place.
 B = Non-inter-level travel time spent in this place.
 C = Inter-level travel time spent in this place.
 D = Time resting spent in this place.
 E = Time spent auto-exploring this place.
 F = Levels seen in this place.
 G = Mean time per level.
                   A        B        C        D        E       F      G
               +--------+--------+--------+--------+--------+-----+--------+
         Total |    710 |    710 |      0 |      0 |    625 |   2 |  355.0 |
       Dungeon |    710 |    710 |      0 |      0 |    625 |   2 |  355.0 |
               +--------+--------+--------+--------+--------+-----+--------+

Top non-repeatable levels by time:
     D:1: 704 daAuts
     D:2: 5 daAuts
